 Dungeon Crawl Stone Soup version 0.22-b1-26-g9dbaab1 (webtiles) character file.

8073 poirepourri the Blocker (level 11, -1/64 HPs)
             Began as a Gargoyle Fighter on Aug 8, 2018.
             Was a Priest of Cheibriados.
             Killed by divine providence
             ... invoked by an orc priest
              (12 damage)
             ... on level 9 of the Dungeon.
             The game lasted 00:10:05 (8660 turns).

poirepourri the Blocker (Gargoyle Fighter)          Turns: 8660, Time: 00:10:05

Health: -1/64      AC: 16    Str: 27    XL:     11   Next: 25%
Magic:  11/11      EV: 10    Int: 18    God:    Cheibriados [***...]
Gold:   253        SH: 15    Dex: 20    Spells: 10/10 levels left

rFire    . . .     SeeInvis .   f - +2 flail (protect)
rCold    . . .     Gourm    .   c - +1 shield
rNeg     + . .     Faith    .   y - +3 chain mail {MR+}
rPois    ∞         Spirit   .   h - +1 helmet
rElec    +         Reflect  .   g - scarf {repulsion}
rCorr    .         Harm     .   (no gloves)
MR       +....                  n - +0 pair of boots
Stlth    ..........             (no amulet)
HPRegen  0.20/turn              D - ring of attention
MPRegen  0.12/turn              (no ring)

@: about to teleport, corroded, repel missiles, very slow
A: negative energy resistance 1, electricity resistance, unbreathing,
petrification resistance, rot immunity, AC +8
a: Bend Time, Temporal Distortion, Renounce Religion


You were on level 9 of the Dungeon.
You worshipped Cheibriados.
Cheibriados was most pleased with you.
You were not hungry.

You visited 2 branches of the dungeon, and saw 10 of its levels.

You collected 448 gold pieces.
You spent 195 gold pieces at shops.

Inventory:

Hand Weapons
 f - a +2 flail of protection (weapon)
Missiles
 t - 8 tomahawks (quivered)
 u - 48 bolts
Armour
 c - a +1 shield (worn)
 g - a scarf of repulsion (worn)
 h - a +1 helmet (worn)
 n - a +0 pair of boots (worn)
 y - a +3 chain mail of magic resistance (worn)
Jewellery
 D - a ring of attention (left hand)
Wands
 m - a wand of polymorph (10)
 w - a wand of disintegration (2)
 x - a wand of digging (21)
Scrolls
 o - a scroll of remove curse
 p - a scroll of magic mapping
 s - a scroll of teleportation
 v - 2 scrolls of amnesia
 C - 2 scrolls of immolation {unknown}
 E - a scroll of holy word {unknown}
 F - a scroll of blinking {unknown}
Potions
 d - a potion of might
 e - a potion of agility {unknown}
 i - 2 potions of flight
 j - 4 potions of brilliance
 k - a potion of lignification {unknown}
 l - 2 potions of cancellation {unknown}
Comestibles
 q - 7 rations


   Skills:
 - Level 6.1 Fighting
 - Level 10.0 Maces & Flails
 - Level 5.4 Armour
 + Level 3.3 Dodging
 - Level 13.0 Shields


You had 10 spell levels left.
You didn't know any spells.
Your spell library contained the following spells:

 Spells                   Type           Power        Failure   Level  Hunger
 Mephitic Cloud           Conj/Pois/Air  #.......     99%         3    ####...
 Venom Bolt               Conj/Pois      #.........   100%        5    ######.
 Olgreb's Toxic Radiance  Pois           #.......     100%        4    #####..
 Animate Dead             Necr           N/A          100%        4    #####..
 Pain                     Necr           #...         83%         1    ##.....
 Animate Skeleton         Necr           N/A          83%         1    ##.....
 Vampiric Draining        Necr           #.........   99%         3    ####...
 Regeneration             Chrm/Necr      #.........   99%         3    ####...
 Sting                    Conj/Pois      #...         83%         1    ##.....
 Stone Arrow              Conj/Erth      #.....       99%         3    ####...
 Passwall                 Tmut/Erth      #.......     93%         2    ###....
 Lee's Rapid Deconstruct  Erth           #.........   100%        5    ######.
 Sandblast                Erth           #.....       83%         1    ##.....
 Petrify                  Tmut/Erth      #.......     100%        4    #####..
 Poisonous Vapours        Pois/Air       #.....       93%         2    ###....


Dungeon Overview and Level Annotations

Branches:
Dungeon (9/15)             Temple (1/1) D:5            Lair (0/6) D:8
    Orc: D:9-12

Altars:
Ashenzari
Cheibriados
Dithmenos
Elyvilon
Fedhas
Gozag
Hepliaklqana
Kikubaaqudgha
Makhleb
Nemelex Xobeh
Okawaru
Qazlal
Ru
Sif Muna
Trog
Uskayaw
Vehumet
Wu Jian
Xom
Yredelemnul
Zin
The Shining One

Shops:
D:5 [   D:8 (

Annotations:
D:9 Joseph


Innate Abilities, Weirdness & Mutations

You are resistant to torment.
Your stone body is resilient. (AC +8)
You are immune to poison.
You resist negative energy. (rN+)
You are resistant to electric shocks. (rElec)
You can survive without breathing.
You are immune to petrification.
You are immune to rotting.


Message History

A bullfrog comes into view.
The bullfrog gives a loud, deep croak!
An iguana comes into view.
The iguana hisses angrily.
An orc warrior comes into view. It is wielding a flail.
The orc warrior shouts!
An orc priest comes into view.
The orc priest shouts!
An orc priest comes into view. It is wielding a dagger.
The orc priest shouts!
You hear a bark!
The iguana hisses menacingly.
An iguana comes into view.
You block the bullfrog's attack.
Found three items.
Found a stone staircase leading down.
As you read the scroll of teleportation, it crumbles to dust.
You feel strangely unstable.
The iguana hisses angrily.
The orc priest mumbles some strange prayers to Beogh against you.
Beogh smites you!
You die...

..>...
...l.#
#.o..#
#....# #
#.l..#.#.#
#}o.....
#..o.#.###
#.@F...../
##.##....#
#.. ..#
#.## # #..
###


You could see an orc warrior, a bullfrog, 2 iguanas and 2 orc priests.

Vanquished Creatures
  A hydra (D:8)
  2 two-headed ogres (D:8)
  Prince Ribbit (D:7)
  The ghost of Goblin1989 the Changer, an amateur OpTm (D:5)
  A hippogriff (D:7)
  4 yaks (D:8)
  A basilisk (D:8)
  A hungry ghost (D:7)
  Menkaure (D:7)
  Edmund (D:5)
  A water moccasin (D:8)
  5 porcupines (D:8)
  2 sky beasts
  3 orc warriors
  3 black bears
  3 ice beasts (D:6)
  4 ogres
  4 phantoms
  2 centaurs (D:8)
  3 crocodiles (D:8)
  3 bullfrogs
  A wyvern zombie (D:8)
  A water moccasin zombie (D:5)
  2 scorpions
  A wight (D:8)
  2 howler monkeys
  6 electric eels (D:8)
  4 crimson imps
  2 jellies (D:8)
  3 hounds
  A bullfrog skeleton (D:8)
  An orc priest (D:8)
  A centaur skeleton (D:2)
  13 orc wizards
  9 worker ants
  A killer bee zombie (D:5)
  A hound skeleton (D:5)
  A howler monkey zombie (D:7)
  2 worker ant zombies
  6 adders
  A shadow imp (D:5)
  An ooze (D:2)
  An adder zombie (D:8)
  4 worms
  2 dart slugs (D:3)
  4 leopard geckos
  31 orcs
  6 bats
  7 giant cockroaches
  9 hobgoblins
  5 jackals
  4 quokkas
  2 ball pythons
  3 frilled lizards
  8 goblins
  10 kobolds
  A leopard gecko skeleton (D:4)
  2 quokka skeletons
  A quokka zombie (D:5)
  15 rats
222 creatures vanquished.

Vanquished Creatures (others)
  A fungus (D:8)
  7 plants (D:8)
8 creatures vanquished.

Grand Total: 230 creatures vanquished

Notes
Turn   | Place    | Note
-------+----------+-------------------------------------------
     0 | D:1      | poirepourri the Gargoyle Fighter began the quest for the Orb.
     0 | D:1      | Reached XP level 1. HP: 14/14 MP: 1/1
    68 | D:1      | Reached XP level 2. HP: 19/19 MP: 2/2
   472 | D:2      | Reached XP level 3. HP: 23/23 MP: 3/3
   702 | D:2      | Reached XP level 4. HP: 8/28 MP: 4/4
  1036 | D:2      | Found a deep blue altar of Sif Muna.
  1037 | D:2      | Found an ornate altar of the Wu Jian Council.
  1303 | D:3      | Reached skill level 5 in Maces & Flails
  1306 | D:3      | Reached XP level 5. HP: 27/32 MP: 5/5
  1529 | D:3      | Noticed an ogre
  1535 | D:3      | Killed an ogre
  2052 | D:3      | Reached XP level 6. HP: 37/37 MP: 6/6
  2581 | D:4      | Noticed a phantom
  2613 | D:4      | Killed a phantom
  2746 | D:4      | Found a shadowy altar of Dithmenos.
  2759 | D:4      | Found a burning altar of Makhleb.
  2994 | D:4      | Reached XP level 7. HP: 36/41 MP: 7/7
  3645 | D:5      | Entered Level 5 of the Dungeon
  3905 | D:5      | Reached XP level 8. HP: 43/46 MP: 8/8
  3980 | D:5      | Noticed Edmund
  4002 | D:5      | Killed Edmund
  4035 | D:5      | Found a runed gate.
  4035 | D:5      | Found a runed gate.
  4035 | D:5      | Found a runed gate.
  4038 | D:5      | Noticed Goblin1989's ghost (amateur OpTm)
  4224 | D:5      | Reached skill level 10 in Maces & Flails
  4262 | D:5      | Found Solereis's Antique Armour Shop.
  4270 | D:5      | Bought a runed chain mail for 195 gold pieces
  4451 | D:5      | Found a staircase to the Ecumenical Temple.
  4473 | Temple   | Entered the Ecumenical Temple
  4579 | Temple   | Became a worshipper of Cheibriados the Contemplative
  4747 | D:5      | Killed Goblin1989's ghost
  4757 | D:5      | Reached skill level 5 in Fighting
  4964 | D:6      | Reached skill level 4 in Shields
  4964 | D:6      | Reached XP level 9. HP: 50/55 MP: 9/9
  4980 | D:6      | Reached * piety under Cheibriados
  5006 | D:6      | Reached skill level 5 in Shields
  5455 | D:6      | Reached skill level 6 in Shields
  5581 | D:6      | Reached skill level 7 in Shields
  5683 | D:7      | Reached ** piety under Cheibriados
  5718 | D:7      | Reached skill level 8 in Shields
  5748 | D:7      | Noticed Prince Ribbit
  5752 | D:7      | Killed Prince Ribbit
  5787 | D:7      | Reached skill level 9 in Shields
  5951 | D:7      | Noticed Menkaure
  5961 | D:7      | Killed Menkaure
  5961 | D:7      | Reached XP level 10. HP: 32/60 MP: 10/10
  6190 | D:8      | Found a staircase to the Lair.
  6194 | D:8      | Reached skill level 10 in Shields
  6234 | D:8      | Reached skill level 11 in Shields
  6384 | D:8      | Reached skill level 12 in Shields
  6408 | D:8      | Found Jaajujik's Weapon Shoppe.
  6484 | D:8      | Noticed a two-headed ogre
  6490 | D:8      | Killed a two-headed ogre
  6561 | D:8      | Reached *** piety under Cheibriados
  6673 | D:8      | Noticed a six-headed hydra
  7249 | D:8      | Reached skill level 13 in Shields
  7252 | D:8      | Noticed a two-headed ogre
  7409 | D:8      | Killed a two-headed ogre
  7409 | D:8      | Reached skill level 5 in Armour
  7409 | D:8      | Reached XP level 11. HP: 48/64 MP: 11/11
  7735 | D:8      | Killed a six-headed hydra
  8645 | D:9      | Noticed Joseph
  8655 | D:9      | HP: 3/64 [acid (20)]
  8660 | D:9      | Killed from afar by an orc priest

Skill      XL: |  1  2  3  4  5  6  7  8  9 10 11 |
---------------+----------------------------------+-----
Maces & Flails | 3 4 5 6 7 9 10 | 10.0
Fighting       | 6 |  6.1
Shields        | 4 9 13 | 13.0
Armour         | 5 |  5.4
Dodging        | 3 |  3.3

Action                   |  1- 3 |  4- 6 |  7- 9 | 10-12 || total
-------------------------+-------+-------+-------+-------++-------
Melee: Flail             |   134 |   219 |   410 |   215 ||   978
Evoke: Wand              |       |       |       |    10 ||    10
  Use: Scroll            |     3 |     6 |     7 |     7 ||    23
       Potion            |       |       |     1 |     5 ||     6
  Eat: Chunk             |       |     3 |     3 |     1 ||     7
       Ration            |       |     1 |     2 |     1 ||     4
Armor: Scale mail        |    98 |   138 |    57 |       ||   293
       Chain mail        |       |       |   168 |   144 ||   312
Dodge: Dodged            |    51 |    59 |    82 |    51 ||   243
       Deflected         |       |       |       |     3 ||     3
Block: Shield            |    80 |   113 |   188 |   196 ||   577
